 Dungeon Crawl Stone Soup version 0.23.1-38-g628c18f423 (webtiles) character file.

Game seed: 6032615736817884148

259 Peloso the Shield-Bearer (level 5, -4/47 HPs)
             Began as a Minotaur Fighter on Mar 29, 2019.
             Killed from afar by an orc wizard (10 damage)
             ... with a magic dart
             ... on level 5 of the Dungeon.
             The game lasted 00:03:41 (1863 turns).

Peloso the Shield-Bearer (Minotaur Fighter)         Turns: 1863, Time: 00:03:42

Health: -4/47      AC:  9    Str: 20    XL:     5   Next: 94%
Magic:  4/4        EV:  6    Int:  5    God:
Gold:   75         SH: 10    Dex: 11    Spells: 4/4 levels left

rFire    . . .     SeeInvis .   a - +0 long sword
rCold    . . .     Gourm    .   c - +0 shield
rNeg     . . .     Faith    .   t - +0 chain mail
rPois    .         Spirit   .   (helmet restricted)
rElec    .         Reflect  .   (no cloak)
rCorr    .         Harm     .   (no gloves)
MR       .....     Rnd*Tele +   (no boots)
Stlth    ..........             (no amulet)
HPRegen  0.15/turn              n - ring of teleportation (curse)
MPRegen  0.09/turn              (no ring)

@: slowed, very slow
A: retaliatory headbutt, horns 2
a: no special abilities


You were on level 5 of the Dungeon.
You were not hungry.

You visited 1 branch of the dungeon, and saw 4 of its levels.

You collected 75 gold pieces.

Inventory:

Hand Weapons
 a - a +0 long sword (weapon)
Armour
 b - a +0 scale mail
 c - a +0 shield (worn)
 t - a +0 chain mail (worn)
Jewellery
 n - a cursed ring of teleportation (left hand)
Wands
 u - a wand of paralysis (6)
Scrolls
 e - 2 scrolls of identify {unknown}
 g - 3 scrolls of remove curse {unknown}
 k - 2 scrolls of fog {unknown}
 o - a scroll of magic mapping {unknown}
 p - a scroll of teleportation {unknown}
 s - a scroll of enchant weapon {unknown}
Potions
 d - a potion of might
 h - a potion of cancellation {unknown}
 i - 3 potions of degeneration {unknown}
 j - a potion of heal wounds {unknown}
 l - 2 potions of curing {unknown}
 m - a potion of haste {unknown}
 q - 2 potions of magic {unknown}
 r - a potion of ambrosia {unknown}
 v - a potion of invisibility {unknown}
Comestibles
 f - 4 rations


   Skills:
 + Level 4.6 Fighting
 + Level 4.7 Long Blades
 + Level 4.7 Armour
 + Level 1.3 Dodging
 + Level 5.0 Shields


You had 4 spell levels left.
You didn't know any spells.
Your spell library contained the following spells:

 Spells                   Type           Power        Failure   Level  Hunger
 Magic Dart               Conj           #...         100%        1    ##.....
 Searing Ray              Conj           #.....       100%        2    ###....
 Dazzling Spray           Conj/Hex       #.....       100%        3    ####...
 Force Lance              Conj/Tloc      #.......     100%        4    #####..
 Fulminant Prism          Conj/Hex       #.........   100%        4    #####..
 Iskenderun's Mystic Bla  Conj           #.......     100%        4    #####..


Dungeon Overview and Level Annotations

Branches:
Dungeon (3/15)

Altars:
Ru


Innate Abilities, Weirdness & Mutations

You reflexively headbutt those who attack you in melee.
You have a pair of horns on your head.


Message History

The orc wizard casts a spell at you.
You feel as though you will be slow longer.
The orc wizard hits you but does no damage.
Your shield prevents you from hitting the orc wizard.
Your headbutt misses the orc wizard.
The orc wizard hits you with a +0 dagger.
* * * LOW HITPOINT WARNING * * *
The orc wizard barely misses you. You furiously retaliate!
You headbutt the orc wizard.
The orc wizard hits you but does no damage.
You hit the orc wizard.
The orc wizard is moderately wounded.
The orc wizard hits you with a +0 dagger.
* * * LOW HITPOINT WARNING * * *
You block the orc wizard's attack.
You hit the orc wizard but do no damage.
The orc wizard is moderately wounded.
The orc wizard points at you and mumbles some strange words.
The magic dart hits you!
You die...

....... #.......#
#.......#
#[......# #
#..o....#
#.#######.......#
.......@#.......#
..[...))o........
........#(.$.....
..#####.####.....
. #..# .... #%.##
... #...# .....
#.#.##....
#.....#


You could see an orc wizard.

Vanquished Creatures
  A centaur (D:5)
  2 orc wizards
  5 adders (D:2)
  An ooze (D:2)
  2 worms
  2 dart slugs
  5 leopard geckos
  5 orcs
  2 giant cockroaches
  4 goblins
  4 hobgoblins
  4 jackals (D:2)
  3 quokkas (D:2)
  2 ball pythons (D:2)
  6 bats
  7 frilled lizards
  4 kobolds
  2 rats (D:1)
61 creatures vanquished.

Notes
Turn   | Place    | Note
-------+----------+-------------------------------------------
     0 | D:1      | Peloso the Minotaur Fighter began the quest for the Orb.
     0 | D:1      | Reached XP level 1. HP: 19/19 MP: 0/0
   488 | D:1      | Reached XP level 2. HP: 27/27 MP: 1/1
   918 | D:2      | Reached skill level 4 in Shields
   974 | D:2      | Reached XP level 3. HP: 30/33 MP: 2/2
   983 | D:2      | Found a sacrificial altar of Ru.
  1048 | D:2      | Reached XP level 4. HP: 27/40 MP: 3/3
  1278 | D:2      | Reached skill level 1 in Dodging
  1730 | D:3      | Reached XP level 5. HP: 47/47 MP: 4/4
  1786 | D:3      | You fall through a shaft for 2 floors!
  1786 | D:5      | Entered Level 5 of the Dungeon
  1832 | D:5      | Noticed a centaur
  1848 | D:5      | Killed a centaur
  1860 | D:5      | Reached skill level 5 in Shields
  1863 | D:5      | Killed from afar by an orc wizard

Skill      XL: |  1  2  3  4  5 |
---------------+----------------+-----
Fighting       | 4 |  4.6
Shields        | 4 5 |  5.0
Armour         | 4 |  4.7
Long Blades    | 3 4 |  4.7
Dodging        | 1 |  1.3

Action                   |  1- 3 |  4- 6 || total
-------------------------+-------+-------++-------
Melee: Long sword        |    63 |   103 ||   166
       Headbutt          |     7 |    19 ||    26
  Eat: Chunk             |       |     3 ||     3
Armor: Scale mail        |    42 |    50 ||    92
       Chain mail        |       |    30 ||    30
Dodge: Dodged            |    22 |    34 ||    56
Block: Shield            |    49 |    55 ||   104
       Rpst.: Long sword |     4 |     7 ||    11
